 Dungeon Crawl Stone Soup version 0.20-a0-504-g2c65edc (webtiles) character file.

28 Kaname the Charmwright (level 3, 25/27 HPs)
             Began as a Demonspawn Skald on Jan 21, 2017.
             Quit the game on level 1 of the Dungeon.
             The game lasted 00:02:44 (808 turns).

Kaname the Charmwright (Demonspawn Skald)            Turns: 808, Time: 00:02:44

Health: 25/27      AC:  8    Str: 11    XL:     3   Next: 0%
Magic:  6/6        EV:  9    Int: 15    God:
Gold:   47         SH:  0    Dex: 12    Spells: 3/6 levels left

rFire    . . .     SeeInvis .   l - +0 dagger (venom)
rCold    + . .     Gourm    .   h - +2 scale mail {MR+}
rNeg     . . .     Faith    .   (no shield)
rPois    .         Spirit   .   (no helmet)
rElec    .         Reflect  .   (no cloak)
rCorr    .         Harm     .   (no gloves)
MR       +....                  (no boots)
Stlth    ..........             (no amulet)
Regen    0.1/turn               (no ring)
                                (no ring)

@: no status effects
A: cold resistance 1, sanguine armour 1
a: no special abilities


You were on level 1 of the Dungeon.
You were not hungry.

You visited 1 branch of the dungeon, and saw 1 of its levels.

You collected 47 gold pieces.

Inventory:

Hand Weapons
 l - a +0 dagger of venom (weapon)
Armour
 b - a +0 leather armour
 h - a +2 scale mail of magic resistance (worn)
Scrolls
 e - a scroll of enchant weapon {unknown}
 f - 2 scrolls of identify {unknown}
 g - 2 scrolls of enchant armour {unknown}
 i - a scroll of remove curse {unknown}
Potions
 a - a potion of flight {unknown}
 j - a potion of resistance {unknown}
Books
 c - a book of Battle

   Spells                             Type                      Level
   a - Infusion                       Charms                       1
   b - Shroud of Golubria             Charms/Translocation         2
   c - Song of Slaying                Charms                       2
   d - Spectral Weapon                Hexes/Charms                 3
   e - Regeneration                   Charms/Necromancy            3
Comestibles
 d - a bread ration


   Skills:
 - Level 2.0 Fighting
 - Level 1.7 Short Blades
 - Level 0.8 Armour
 - Level 1.7 Dodging
 - Level 2.0 Spellcasting
 + Level 3.8 Charms


You had 3 spell levels left.
You knew the following spells:

 Your Spells              Type           Power        Failure   Level  Hunger
a - Infusion              Chrm           ##..         34%         1    #......
b - Song of Slaying       Chrm           ##......     50%         2    ###....


Dungeon Overview and Level Annotations

Branches:
Dungeon (1/15)

Altars:


Innate Abilities, Weirdness & Mutations

Your flesh is cold resistant. (rC+)
When seriously injured, your bleeding wounds create armour. (AC +0)


Message History

All of the chunks of flesh in your inventory have rotted away.
A goblin comes into view.
A goblin is nearby!
A goblin is nearby!
A goblin is nearby!
You hit the goblin but do no damage. The goblin completely misses you.
You barely miss the goblin. The goblin hits you but does no damage.
You completely miss the goblin. The goblin hits you but does no damage.
You hit the goblin but do no damage. The goblin hits you.
You hit the goblin.
The goblin is almost dead.
The goblin barely misses you.
You hit the goblin.
You kill the goblin!
You have reached level 3!
Your experience leads to an increase in your attributes!
Increase (S)trength, (I)ntelligence, or (D)exterity?
You feel clever.
Your demonic ancestry asserts itself...
You feel your blood ready itself to protect you.
Are you sure you want to abandon this character and quit the game? (Confirm with "yes".)

.##.......######.........##......
.................##......##......
####.#####.###........#####......
...#.#...#.#..........## #......
##.###.###.###.........## #...#.#
.#.....# ... #.....###..###......
##.###.# ### #....#####).........
<..#.#.# #.# #....###....###.....
####.#.###.###..@......#.##......
.....#................)#)#...)...
####.#.###.###.####.##...#.#.....
...#.#.#.#.#.#.# #.##......)....
##.###.#.###.#.# #.##.#.#.#.....
.#.....#.....#.####.##...........
##.###.###.###....)....#...#.....
...#.#...#.#...####.##.#..##.....
####.#####.###.# #.......##.....


There were no monsters in sight!

Vanquished Creatures
  A dart slug (D:1)
  A leopard gecko (D:1)
  A giant cockroach (D:1)
  8 goblins (D:1)
  3 hobgoblins (D:1)
  2 bats (D:1)
  3 frilled lizards (D:1)
  A kobold (D:1)
  4 rats (D:1)
24 creatures vanquished.

Notes
Turn   | Place    | Note
-------+----------+-------------------------------------------
     0 | D:1      | Kaname the Demonspawn Skald began the quest for the Orb.
     0 | D:1      | Reached XP level 1. HP: 16/16 MP: 3/3
   116 | D:1      | Reached skill level 3 in Charms
   335 | D:1      | Gained mutation: Your flesh is cold resistant. (rC+) [demonic ancestry]
   335 | D:1      | Reached XP level 2. HP: 13/22 MP: 5/5
   574 | D:1      | Learned a level 2 spell: Song of Slaying
   807 | D:1      | Gained mutation: When seriously injured, your bleeding wounds create armour. (AC +0) [demonic ancestry]
   807 | D:1      | Reached XP level 3. HP: 25/27 MP: 6/6
   808 | D:1      | Quit the game

Vault maps used:
D:1:      evilmike_arrival_hilbert_curve, minmay_misc_feat_plants

Skill      XL: |  1 |
---------------+----+-----
Charms         | 3 |  3.8
Fighting       | |  2.0
Short Blades   | |  1.7
Armour         | |  0.8
Dodging        | |  1.7
Spellcasting   | |  2.0

Action                   || total
-------------------------++-------
Melee: Short sword       ||    77
       Dagger            ||    14
Armor: Scale mail        ||    27
       Leather armour    ||    12
Dodge: Dodged            ||    59
